Workbook

Sheet CUADRO 1 -
B2: Cuadro 1. EJECUCIÓN PRESUPUESTARIA EN LA FISCALÍA GENERAL DE CUENTAS, SEGÚN TIPO DE PRESUPUESTO: AGOSTO, 2026
B3: Tipo de presupuesto | C3: Ejecución presupuestaria (en Balboas)
C4: Presupuesto | H4: Saldo del asignado (6=4-5) | I4: Porcentaje de ejecución (7=5/4)
C5: Ley (1) | D5: Traslado (2) | E5: Modificado (3) | F5: Asignado (4) | G5: Ejecución (5)
B6: TOTAL | C6: 5803442 | D6: =D7+D8 -> 502006 | E6: =E7+E8 -> 6305448 | F6: =F7+F8 -> 4600697 | G6: =G7+G8 -> 3750480.7 | H6: =H7+H8 -> 850216.3 | I6: =G6/F6*100 -> 81.519837
B7: Funcionamiento | C7: ='NODO CUADRO 2 '!C7 -> 5499960 | D7: ='NODO CUADRO 2 '!D7 -> 394225 | E7: ='NODO CUADRO 2 '!E7 -> 5894185 | F7: ='NODO CUADRO 2 '!F7 -> 4191934 | G7: ='NODO CUADRO 2 '!G7 -> 3533710.2 | H7: =F7-G7 -> 658223.77 | I7: =G7/F7*100 -> 84.29785
B8: Inversiones | C8: ='NODO CUADRO 2 '!C12 -> 303482 | D8: ='NODO CUADRO 2 '!D12 -> 107781 | E8: ='NODO CUADRO 2 '!E12 -> 411263 | F8: ='CUADRO 3 '!F12 -> 408763 | G8: ='NODO CUADRO 2 '!G12 -> 216770.47 | H8: =F8-G8 -> 191992.53 | I8: =G8/F8*100 -> 53.030844
B9: Fuente: Departamento de Presupuesto.

Sheet NODO CUADRO 2 
B2: Cuadro 2. EJECUCIÓN PRESUPUESTARIA EN LA FISCALÍA GENERAL DE CUENTAS, SEGÚN GRUPO DE GASTO: AGOSTO, 2026
B3: Grupo de gasto | C3: Ejecución presupuestaria (en Balboas)
C4: Presupuesto | H4: Saldo del asignado (6=4-5) | I4: Porcentaje de ejecución (7=5/4)
C5: Ley (1) | D5: Traslado (2) | E5: Modificado (3) | F5: Asignado (4) | G5: Ejecución (5)
B6: TOTAL | C6: =C12+C7 -> 5803442 | D6: =D12+D7 -> 502006 | E6: =E12+E7 -> 6305448 | F6: =F12+F7 -> 4600697 | G6: =G12+G7 -> 3750480.7 | H6: =H12+H7 -> 850216.3 | I6: =G6/F6*100 -> 81.519837
B7: Funcionamiento | C7: =SUM(C8:C11) -> 5499960 | D7: =SUM(D8:D11) -> 394225 | E7: =E8+E9+E10+E11 -> 5894185 | F7: =SUM(F8:F11) -> 4191934 | G7: =SUM(G8:G11) -> 3533710.2 | H7: =SUM(H8:H11) -> 658223.77 | I7: =G7/F7*100 -> 84.29785
B8: Servicios Personales | C8: ='CUADRO 3 '!C8 -> 4695582 | D8: ='CUADRO 3 '!D8 -> 212886 | E8: =C8+D8 -> 4908468 | F8: ='CUADRO 3 '!F8 -> 3278045 | G8: ='CUADRO 3 '!G8 -> 3031503.2 | H8: =F8-G8 -> 246541.79 | I8: =G8/F8*100 -> 92.478999
B9: Servicios no Personales | C9: ='CUADRO 3 '!C9 -> 519278 | D9: ='CUADRO 3 '!D9 -> 200260 | E9: =C9+D9 -> 719538 | F9: ='CUADRO 3 '!F9 -> 647710 | G9: ='CUADRO 3 '!G9 -> 343483.9 | H9: =F9-G9 -> 304226.1 | I9: =G9/F9*100 -> 53.030507
B10: Materiales y Suministros | C10: ='CUADRO 3 '!C10 -> 212100 | D10: ='CUADRO 3 '!D10 -> -25621 | E10: =C10+D10 -> 186479 | F10: ='CUADRO 3 '!F10 -> 186479 | G10: ='CUADRO 3 '!G10 -> 101122 | H10: =F10-G10 -> 85357 | I10: =G10/F10*100 -> 54.227018
B11: Transferencias Corrientes | C11: ='CUADRO 3 '!C11 -> 73000 | D11: ='CUADRO 3 '!D11 -> 6700 | E11: =C11+D11 -> 79700 | F11: ='CUADRO 3 '!F11 -> 79700 | G11: ='CUADRO 3 '!G11 -> 57601.12 | H11: =F11-G11 -> 22098.88 | I11: =G11/F11*100 -> 72.272422
B12: Inversiones | C12: ='CUADRO 3 '!C12 -> 303482 | D12: ='CUADRO 3 '!D12 -> 107781 | E12: =C12+D12 -> 411263 | F12: ='CUADRO 3 '!F12 -> 408763 | G12: ='CUADRO 3 '!G12 -> 216770.47 | H12: =F12-G12 -> 191992.53 | I12: =G12/F12*100 -> 53.030844
B13: Fuente: Departamento de Presupuesto.

Sheet CUADRO 3 
B2: Cuadro 3. EVALUACIÓN PRESUPUESTARIA EN LA FISCALÍA GENERAL DE CUENTAS, SEGÚN GRUPO DE GASTO: AGOSTO, 2026
B3: Detalle | C3: Ejecución presupuestaria (en Balboas) | K3: Ejecución efectiva (9=7+8)
C4: Presupuesto | H4: Compromiso (6) | I4: Devengado (7) | J4: Pagado (8)
C5: Ley (1) | D5: Traslado (2) | E5: Modificado (3) | F5: Asignado (4) | G5: Ejecutado (5=6+7+8)
B6: TOTAL | C6: =C7+C12 -> 5803442 | D6: =D7+D12 -> 502006 | E6: =E7+E12 -> 6305448 | F6: =F7+F12 -> 4600697 | G6: =G7+G12 -> 3750480.7 | H6: =H7+H12 -> 133055.4 | I6: =I7+I12 -> 307855.31 | J6: =J7+J12 -> 3309570 | K6: =K7+K12 -> 3617425.3 | L6: =F6-G6 -> 850216.3 | M6: =J6+I6 -> 3617425.3 | N6: =M6/F6*100 -> 78.627767 | O6: =K6/F6*100 -> 78.627767 | P6: =G6/F6*100 -> 81.519837
B7: 0 - Funcionamiento | C7: =SUM(C8:C11) -> 5499960 | D7: =SUM(D8:D11) -> 394225 | E7: =SUM(E8:E11) -> 5894185 | F7: =SUM(F8:F11) -> 4191934 | G7: =SUM(G8:G11) -> 3533710.2 | H7: =SUM(H8:H11) -> 92182.86 | I7: =SUM(I8:I11) -> 213628.73 | J7: =SUM(J8:J11) -> 3227898.6 | K7: =SUM(K8:K11) -> 3441527.4 | M7: =J7+I7 -> 3441527.4
B8: Servicios Personales | C8: 4695582 | D8: 212886 | E8: =C8+D8 -> 4908468 | F8: 3278045 | G8: =H8+I8+J8 -> 3031503.2 | H8: 0 | I8: 123587.68 | J8: 2907915.5 | K8: =J8+I8 -> 3031503.2 | M8: =J8+I8 -> 3031503.2
B9: Servicios no Personales | C9: 519278 | D9: 200260 | E9: =C9+D9 -> 719538 | F9: 647710 | G9: =H9+I9+J9 -> 343483.9 | H9: 45753.34 | I9: 46302.09 | J9: 251428.47 | K9: =J9+I9 -> 297730.56 | M9: =J9+I9 -> 297730.56
B10: Materiales y Suministros | C10: 212100 | D10: -25621 | E10: =C10+D10 -> 186479 | F10: 186479 | G10: =H10+I10+J10 -> 101122 | H10: 34685.53 | I10: 4470.19 | J10: 61966.28 | K10: =J10+I10 -> 66436.47 | M10: =J10+I10 -> 66436.47
B11: Transferencias Corrientes | C11: 73000 | D11: 6700 | E11: =C11+D11 -> 79700 | F11: 79700 | G11: =H11+I11+J11 -> 57601.12 | H11: 11743.99 | I11: 39268.77 | J11: 6588.36 | K11: =J11+I11 -> 45857.13 | M11: =J11+I11 -> 45857.13
B12: 1 - Inversiones | C12: =303482 -> 303482 | D12: 107781 | E12: =C12+D12 -> 411263 | F12: 408763 | G12: =H12+I12+J12 -> 216770.47 | H12: 40872.54 | I12: 94226.58 | J12: 81671.35 | K12: =J12+I12 -> 175897.93 | M12: =J12+I12 -> 175897.93
B13: Fuente: Departamento de Presupuesto.

Sheet 10.1 INVERS
A1: Cuadro 5. INFORME DE EJECUCIÓN FÍSICO - FINANCIERO POR PROYECTO DE INVERSIONES EN LA FISCALÍA GENERAL DE CUENTAS A: AGOSTO, 2026
A2: Proyecto / Actividad | B2: Inversiones para el Fortalecimiento Institucional
B3: Ejecución presupuestaria (en Balboas)
B4: Ley (1) | C4: Traslado (2) | D4: Modificado (3) | E4: Asignado (4) | F4: Ejecución (5) | G4: Saldo del asignado (6=4-5) | H4: Porcentaje de ejecución (7=5/4)
A5: TOTAL DE INVERSIÓN | B5: =B8+B12 -> 303482 | C5: =C8+C12 -> 107781 | D5: =D8+D12 -> 411263 | E5: =E8+E12 -> 408763 | F5: =F8+F12 -> 216770.47 | G5: =G8+G12 -> 191992.53 | H5: =F5/E5*100 -> 53.030844
A8: 10471 FORTALECIMIENTO, MEJORAMIENTO E IMPLEMENTACIÓN | B8: =B9+B10+K11+B11 -> 233482 | C8: =C9+C10+L11+C11 -> 167672 | D8: =D9+D10+M11+D11 -> 401154 | E8: =E9+E10+N11+E11 -> 398654 | F8: =F9+F10+O11+F11 -> 210520.1 | G8: =G9+G10+P11+G11 -> 188133.9 | H8: =F8/E8*100 -> 52.807723
A9: Proyecto: 104710105 COD SINIP: 00022626.000 Habilitación a los entornos para la Fiscalía General de Cuentas para personas con discapacidad. | B9: 30000 | C9: -17319 | D9: 12681 | E9: 10181 | F9: 10179.98 | G9: =E9-F9 -> 1.02 | H9: =F9/E9*100 -> 99.989981
A10: Proyecto: 104710106 COD SINIP: 00022662.000 Mejoramiento de la infraestructura tecnológica de la Fiscalía General de Cuentas. | B10: 184482 | C10: 203991 | D10: =B10+C10 -> 388473 | E10: 388473 | F10: 200340.12 | G10: =E10-F10 -> 188132.88 | H10: =F10/E10*100 -> 51.571183
A11: Proyecto: 104710214 COD SINIP: 00022920.000 Fortalecimiento integral de la Investigación Patrimonial. | B11: 19000 | C11: -19000 | D11: 0 | E11: 0 | F11: 0 | G11: 0 | H11: 0
A12: 10472 EQUIPAMIENTO | B12: =B13 -> 70000 | C12: =C13 -> -59891 | D12: =D13 -> 10109 | E12: =E13 -> 10109 | F12: =F13 -> 6250.37 | G12: =G13 -> 3858.63 | H12: =F12/E12 -> 0.61829756
A13: Proyecto: 104720105 COD SINIP: 00022919.000 Habilitación, adecuación y equipamiento de áreas operativas y administrativas de la Fiscalía General de Cuentas. | B13: 70000 | C13: -59891 | D13: =B13+C13 -> 10109 | E13: 10109 | F13: 6250.37 | G13: =E13-F13 -> 3858.63 | H13: =F13/E13*100 -> 61.829756
A14: Fuente: Departamento de Presupuesto.

Sheet CUADRO 4 ESTRUCTURA PROGRAMATIC
B1: Cuadro 4. EJECUCIÓN PRESUPUESTARIA, SEGÚN ESTRUCTURA PROGRAMÁTICA DE FUNCIONAMIENTO: NOVIEMBRE 2025
B2: Tipo de presupuesto | C2: Ejecución presupuestaria (en Balboas)
C3: Presupuesto | I3: Por ejecutar (6=4-5) | J3: Porcentaje de ejecución (7=5/4)
C4: Ley (1) | D4: Traslado (2) | E4: Modificado (3) | F4: Contención (4) | G4: Asignado (4) | H4: Ejecución (5)
B5: Total de Funcionamiento | C5: =SUM(C6:C8) -> 5838442 | D5: =D6+D7+D8 -> -374592 | E5: =E6+E7+E8 -> 5463850 | F5: =SUM(F6:F8) -> 154956.27 | G5: =G6+G7+G8 -> 4599407.9 | H5: ='CUADRO 1 -'!G7 -> 3533710.2 | I5: =G5-H5 -> 1065697.7 | J5: =H5/G5*100 -> 76.829676
B6: Instrucción de Cuentas | C6: 1579357 | D6: -15308 | E6: =C6+D6 -> 1564049 | F6: 53154.22 | G6: 1353503.8 | H6: 1252222.7 | I6: =+G6-H6 -> 101281.11 | J6: =H6/G6*100 -> 92.517117
B7: Investigación Patrimonial | C7: 2542445 | D7: -245784 | E7: =C7+D7 -> 2296661 | F7: 34493.78 | G7: 1883054 | H7: 1789606.1 | I7: =+G7-H7 -> 93447.86 | J7: =H7/G7*100 -> 95.037431
B8: Servicios Administrativos | C8: 1716640 | D8: -113500 | E8: =C8+D8 -> 1603140 | F8: 67308.27 | G8: 1362850.1 | H8: 1259018.9 | I8: =+G8-H8 -> 103831.24 | J8: =H8/G8*100 -> 92.381316
B9: Fuente: Departamento de Presupuesto.
